 Dungeon Crawl Stone Soup version 0.30.0-20-g3615ddf2f0 (webtiles) character file.

Game seed: 2203226507103863091

158638 qw the Severer (level 17, -8/113 HPs)
             Began as a Gargoyle Fighter on June 1, 2023.
             Was a High Priest of Okawaru.
             Mangled by a broodmother (17 damage)
             ... on level 3 of the Spider Nest.
             The game lasted 00:16:27 (23225 turns).

qw the Severer (Gargoyle Fighter)                  Turns: 23225, Time: 00:16:28

Health: -8/113     AC: 52    Str: 33    XL:     17   Next: 72%
Magic:  1/24       EV: 18    Int: 13    God:    Okawaru [*****.]
Gold:   672        SH: 14    Dex:  9    Spells: 16/16 levels left

rFire   . . .        c - +8 broad axe of Kiluat {speed, Str+3 SInv}
rCold   + + .        y - +0 kite shield
rNeg    + . .        p - +8 ice dragon scales of Minor Irritation {rPois rF- rC++ Dex+2}
rPois   inf          h - +2 helmet
rElec   +            m - +2 cloak
rCorr   .            n - +2 pair of gloves
SInv    +            g - +2 pair of boots
Will    +....        s - amulet of regeneration
Stlth   +            D - ring of protection from fire
HPRegen 1.18/turn    f - +5 ring of evasion
MPRegen 0.19/turn

%: no passive effects
@: about to teleport, heroic, finesse-ful, marked, flying, slowed, very slow
A: sickness immunity, AC +12, big wings, negative energy resistance 1,
electricity resistance, torment resistance 1, petrification resistance, clever
1, strong 1
a: Renounce Religion, Heroism, Finesse, Duel


You were on level 3 of the Spider Nest.
You worshipped Okawaru.
Okawaru was extremely pleased with you.
You visited 5 branches of the dungeon, and saw 28 of its levels.
You also visited: Gauntlet.

You collected 2711 gold pieces.
You spent 2039 gold pieces at shops.


Innate Abilities, Weirdness & Mutations

You are immune to sickness and miasma.
Your stone body is resilient. (AC +12)
You are immune to poison.
Your large and strong wings let you fly.
You resist negative energy. (rN+)
You are resistant to electric shocks. (rElec)
You are resistant to unholy torment.
You are immune to petrification.
Your mind is acute. (Int +4, Str/Dex -1)
Your muscles are strong. (Str +4, Int/Dex -1)


   Skills:
 - Level 15.0(20.0) Fighting
 - Level 18.0(23.0) Axes
 - Level 8.0(13.0) Throwing
 + Level 12.9(17.9) Armour
 - Level 4.1(9.1) Dodging
 - Level 14.0(19.0) Shields
 - Level 10.0 Invocations


You had 16 spell levels left.
You didn't know any spells.
Your spell library was empty.

Inventory:

Hand Weapons
 c - the +8 broad axe of Kiluat (weapon) {speed, Str+3 SInv}
   (You found it on level 1 of the Lair of Beasts)

   Str:       It affects your strength (+3).
   SInv:      It lets you see invisible.
 u - a -1 demon whip of venom
Missiles
 A - 10 silver javelins (quivered)
 C - 18 boomerangs
 I - 6 javelins
 J - 3 silver boomerangs
Armour
 g - a +2 pair of boots (worn)
 h - a +2 helmet (worn)
 m - a +2 cloak (worn)
 n - a +2 pair of gloves (worn)
 p - the +8 ice dragon scales of Minor Irritation (worn) {rPois rF- rC++ Dex+2}
   (Okawaru gifted it to you on level 15 of the Dungeon)

   Dex:       It affects your dexterity (+2).
   rF:        It makes you vulnerable to fire.
   rC:        It greatly protects you from cold.
   rPois:     It protects you from poison.
 t - a +2 plate armour of cold resistance
 y - a +0 kite shield (worn)
 G - a +3 chain mail of fire resistance
 H - the +6 chain mail "Juvey" {rC- rCorr Dex+8}
   (You bought it in a shop on level 2 of the Orcish Mines)

   Dex:       It affects your dexterity (+8).
   rC:        It makes you vulnerable to cold.
   rCorr:     It protects you from acid and corrosion.
Jewellery
 f - a +5 ring of evasion (right hand)
 j - a ring of ice
 s - an amulet of regeneration (around neck)
 D - a ring of protection from fire (left hand)
 E - a ring of fire
 F - a +6 ring of dexterity
Wands
 o - a wand of digging (7)
Scrolls
 a - 23 scrolls of identify
 i - 4 scrolls of teleportation
 l - 4 scrolls of enchant weapon
 v - a scroll of enchant armour
Potions
 b - 6 potions of lignification
 d - 3 potions of might
 e - 10 potions of curing
 k - 3 potions of resistance
 q - 11 potions of heal wounds
 r - 11 potions of cancellation
 w - 5 potions of attraction
 x - 7 potions of haste
 z - 3 potions of mutation
 B - 4 potions of magic

Dungeon Overview and Level Annotations

Branches:
Dungeon (15/15)            Temple (0/1) D:6            Lair (5/5) D:11
 Shoals (3/4) Lair:3       Spider (3/4) Lair:2        Slime (0/5) Lair:4
    Orc (2/2) D:11            Elf (0/3) Orc:2        Vaults (0/5) D:13
 Depths (0/4) D:15        Gauntlet (visited)

Altars:
Ashenzari
Dithmenos
Fedhas
Gozag
Hepliaklqana
Makhleb
Okawaru
Qazlal
Trog
Uskayaw
Zin
The Shining One
Jiyva

Shops:
D:3 =   D:8 *   D:10 [   Orc:2 [(((*

Annotations:
D:3 2 transporters, qw's ghost, amateur GrCA
D:14 3 runed translucent doors, qw's ghost, journeyman GrFi
Lair:3 1 runed translucent door, qw's ghost, journeyman GrFi


Message History

A steelbarb worm simulacrum comes into view.
A steelbarb worm comes into view.
You slice the redback!!
You kill the redback!
Okawaru accepts your kill.
You slash the steelbarb worm simulacrum!
A freezing mist starts to gather...
A redback simulacrum comes into view.
A boulder beetle comes into view. x2
The orb spider weaves a glowing orb of energy.
An orb of destruction comes into view.
You slice the steelbarb worm simulacrum!!
The steelbarb worm simulacrum vaporises!
You slash the broodmother! You slash the wolf spider!
The broodmother is engulfed in freezing vapours.
The broodmother summons spiders!
You slash the broodmother!
The broodmother is moderately wounded.
You slash the tarantella! You barely miss the wolf spider.
You slash the orb spider!
The wolf spider hits you but does no damage.
The wolf spider bites you but does no damage.
The boulder beetle curls into a ball and begins rolling!
The boulder beetle stops rolling and uncurls.
You cut the orb spider into ribbons!!!
You kill the orb spider!
The orb spider's corpse disappears in a puff of smoke!
You hit the broodmother. You slash the wolf spider! You slash the tarantella!
You closely miss the tarantella.
The tarantella is severely wounded.
You slash the broodmother! You slice the wolf spider!!
The tarantella closely misses you.
The broodmother bites you but does no damage.
The orb of destruction hits you!!! You block the wolf spider's attack. x2
23225 ||| READING 5 scrolls of teleportation.
As you read the scroll of teleportation, it crumbles to dust.
You feel strangely unstable. You block the tarantella's attack.
The redback barely misses you. The wolf spider misses you.
The wolf spider closely misses you. The broodmother bites you!
You die...

....... #~.....
...$... .......
...............>
....0.w.......
..^..0....w..
.......BwZyZ#
^......ss#s# ##
.>B...ys@0# ^##
.0.....ss.#### ..#
##.^s0......####..#
#^........^...~#~#
#^.............?.###
#...B..........%...#
#^...........^....#
#...........%.###.#
###?.......#.##


You could see a broodmother (soul bound), a sun moth, 3 boulder beetles, a ghost
moth (invisible), 2 steelbarb worms, a torpor snail (soul bound), 2 wolf
spiders, an orb spider, a tarantella (summoned), 2 redbacks and a redback
simulacrum.

Vanquished Creatures
  Rupert (D:13)
  Polyphemus (Shoals:2)
  A ghost moth (Spider:1)
  A broodmother (Spider:3)
  Nessos (D:13)
  Snorg (Lair:3)
  A minotaur (Gauntlet)
  A merfolk javelineer (Shoals:2)
  4 merfolk impalers
  An entropy weaver (shapeshifter) (D:15)
  A great orb of eyes (D:14)
  An entropy weaver (Spider:2)
  2 ice dragons (D:15)
  Fannar (Lair:1)
  3 merfolk avatars
  7 centaur warriors
  An ogre mage (D:15)
  5 boulder beetles
  A hydra (Lair:5)
  4 merfolk aquamancers
  An alligator snapping turtle (Shoals:3)
  2 catoblepae
  5 two-headed ogres
  3 satyrs (Shoals:2)
  2 tengu warriors (D:13)
  2 death yaks (Shoals:2)
  Urug (D:12)
  5 orc high priests
  Nergalle (Lair:2)
  Sonja (D:12)
  Amaemon (Lair:2)
  5 skysharks
  A fire crab (Gauntlet)
  2 sun moths
  3 pharaoh ants
  19 sea snakes
  6 orb spiders (Spider:3)
  5 steelbarb worms
  A deep elf zephyrmancer (D:15)
  4 orc knights
  9 harpies
  2 deep elf pyromancers (D:13)
  6 manticores
  12 wolf spiders
  15 ugly things
  11 fauns
  2 orc sorcerers
  15 cyclopes
  2 moths of wrath
  An oklob plant (Lair:5)
  2 water nymphs (Shoals:1)
  4 elephants (Lair:5)
  8 black mambas
  8 merfolk sirens
  24 cane toads
  2 torpor snails
  6 demonic crawlers
  An orange demon (Lair:2)
  A kobold demonologist (D:12)
  3 rime drakes (Lair:4)
  An efreet (D:14)
  2 unseen horrors
  4 komodo dragons
  3 tengu conjurers
  2 trolls
  7 meliai
  A meliai (shapeshifter) (D:12)
  A tyrant leech (Lair:5)
  22 merfolk
  A polar bear (Lair:4)
  5 wind drakes
  12 tarantellas
  20 blink frogs
  3 dream sheep (Lair:5)
  3 hornets
  3 snapping turtles
  11 slime creatures
  16 jumping spiders
  3 shadows
  3 water elementals (Shoals:3)
  11 culicivoras
  3 wyverns
  A vampire (D:13)
  3 wraiths
  2 fire bats (Gauntlet)
  21 yaks
  A yak (shapeshifter) (D:14)
  15 humans (D:13)
  25 redbacks
  10 vampire mosquitoes
  2 basilisks
  Edmund (D:5)
  9 wargs
  3 swamp worms (Lair:5)
  3 acid dragons
  11 water moccasins
  15 orc warriors
  A black bear (D:6)
  A sky beast (D:6)
  16 wolves
  2 ice beasts
  6 ogres
  5 boggarts (D:14)
  14 centaurs
  4 kobold brigands
  24 bullfrogs
  3 gnoll sergeants
  4 scorpions
  7 wights
  A hornet simulacrum (D:14)
  5 killer bees (D:8)
  4 electric eels
  2 hounds
  A jelly (D:4)
  A quasit (D:8)
  29 orc priests
  A sleepcap (D:6)
  4 iguanas
  27 orc wizards
  6 hell rats (Lair:5)
  19 gnolls
  10 adders
  2 shadow imps (D:6)
  A white imp (D:6)
  3 ufetubi
  5 worms
  73 orcs
  7 endoplasms
  8 giant cockroaches
  4 goblins
  6 hobgoblins
  A jackal (D:5)
  5 quokkas
  6 ball pythons
  3 bats
  6 frilled lizards
  A goblin skeleton (D:8)
  A goblin zombie (D:8)
  3 hobgoblin zombies (D:8)
  24 kobolds
  A kobold skeleton (D:8)
  An orc skeleton (D:8)
  An orc zombie (D:8)
  2 rats
863 creatures vanquished.

Vanquished Creatures (others)
  A human (D:13)
1 creature vanquished.

Grand Total: 864 creatures vanquished

Notes
Turn   | Place    | Note
-------+----------+-------------------------------------------
     0 | D:1      | qw the Gargoyle Fighter began the quest for the Orb.
     0 | D:1      | Reached XP level 1. HP: 14/14 MP: 1/1
     0 | D:1      | 0 ||| qw: Version: 0.2-a-102-gdf20003
     0 | D:1      | 0 ||| qw: Game counter: 698
     0 | D:1      | 0 ||| qw: Always use a shield: true
     0 | D:1      | 0 ||| qw: God list: Okawaru
     0 | D:1      | 0 ||| qw: Allow faded altars: false
     0 | D:1      | 0 ||| qw: Do Orc after D:15 true
     0 | D:1      | 0 ||| qw: Do second Lair branch before Depths: true
     0 | D:1      | 0 ||| qw: Lair rune preference: random
     0 | D:1      | 0 ||| qw: Plans: Normal, Zot:1-4, Slime:5, God:TSO, Crypt,
                  | Tomb, Pan, Hells, Abyss, Win
     0 | D:1      | 0 ||| PLANNING D:1-11
     9 | D:1      | 9 ||| Stepping ~*~*~tactically~*~*~ (stealth).
    16 | D:1      | Reached skill level 2 in Axes
   133 | D:1      | Reached XP level 2. HP: 13/19 MP: 2/2
   191 | D:1      | 191 ||| Stepping ~*~*~tactically~*~*~ (hiding).
   193 | D:1      | 193 ||| Stepping ~*~*~tactically~*~*~ (hiding).
   194 | D:1      | 194 ||| Stepping ~*~*~tactically~*~*~ (hiding).
   195 | D:1      | 195 ||| Stepping ~*~*~tactically~*~*~ (hiding).
   319 | D:1      | 319 ||| DROPPING +0 club.
   529 | D:1      | 529 ||| UPGRADING to +3 scale mail of poison resistance.
   539 | D:1      | 539 ||| DROPPING +0 scale mail.
   540 | D:1      | 540 ||| UPGRADING to ring of willpower.
   541 | D:1      | 541 ||| READING 4 scrolls labelled NIFRUO PIUC QYIG.
   542 | D:1      | 542 ||| READING 3 scrolls labelled PUYNLE DIPURO.
   547 | D:1      | 547 ||| DRINKING 3 metallic puce potions.
   548 | D:1      | 548 ||| READING 3 scrolls of identify.
   548 | D:1      | 548 ||| IDENTIFYING fuming green potion
   549 | D:1      | 549 ||| DROPPING potion of brilliance.
   596 | D:2      | Reached skill level 3 in Axes
   596 | D:2      | Reached XP level 3. HP: 21/23 MP: 3/3
   746 | D:2      | 746 ||| Stepping ~*~*~tactically~*~*~ (stealth).
   748 | D:2      | 748 ||| Stepping ~*~*~tactically~*~*~ (stealth).
   920 | D:2      | 920 ||| Stepping ~*~*~tactically~*~*~ (hiding).
   960 | D:2      | Reached XP level 4. HP: 28/28 MP: 4/4
  1010 | D:2      | Found a faded altar of an unknown god.
  1131 | D:2      | 1131 ||| Stepping ~*~*~tactically~*~*~ (stealth).
  1184 | D:2      | 1184 ||| UPGRADING to amulet of guardian spirit.
  1189 | D:2      | 1189 ||| DROPPING ring of wizardry.
  1190 | D:2      | 1190 ||| UPGRADING to +5 ring of evasion.
  1191 | D:2      | 1191 ||| READING scroll labelled GYENAOB SOCHEI.
  1192 | D:2      | 1192 ||| READING scroll labelled DIERHYNOLOI.
  1193 | D:2      | 1193 ||| DRINKING 2 green potions.
  1193 | D:2      | Gained mutation: You are vulnerable to heat. (rF-) [potion
                  | of mutation]
  1193 | D:2      | Gained mutation: Your mind is acute. (Int +4, Str/Dex -1)
                  | [potion of mutation]
  1193 | D:2      | Gained mutation: You are partially covered in iridescent
                  | scales. (AC +2) [potion of mutation]
  1194 | D:2      | 1194 ||| DRINKING potion of mutation.
  1194 | D:2      | Lost mutation: You are partially covered in iridescent
                  | scales. (AC +2) [potion of mutation]
  1194 | D:2      | Lost mutation: You are vulnerable to heat. (rF-) [potion of
                  | mutation]
  1194 | D:2      | Gained mutation: Your muscles are strong. (Str +4, Int/Dex
                  | -1) [potion of mutation]
  1220 | D:3      | Reached skill level 4 in Axes
  1305 | D:3      | Found a transporter.
  1316 | D:3      | Noticed qw's ghost (amateur GrCA)
  1475 | D:3      | Found a transporter.
  1774 | D:3      | Found Miocerih's Jewellery Boutique.
  1782 | D:3      | 1782 ||| SHOPLISTING +5 ring of evasion (396 gold, have
                  | 109).
  1782 | D:3      | 1782 ||| SHOPLISTING amulet of the acrobat (330 gold, have
                  | 109).
  1782 | D:3      | 1782 ||| SHOPLISTING ring of fire (275 gold, have 109).
  1782 | D:3      | 1782 ||| SHOPLISTING ring of positive energy (220 gold,
                  | have 109).
  2004 | D:3      | 2004 ||| UPGRADING to +0 helmet.
  2009 | D:3      | 2009 ||| READING scroll labelled DUEPNI LARROSCH.
  2010 | D:3      | 2010 ||| READING 6 scrolls of identify.
  2010 | D:3      | 2010 ||| IDENTIFYING lumpy grey potion
  2053 | D:4      | Reached XP level 5. HP: 32/32 MP: 5/5
  2112 | D:4      | Found a blossoming altar of Fedhas.
  2112 | D:4      | Found a broken altar of Ashenzari.
  2116 | D:4      | Found a glowing silver altar of Zin.
  2243 | D:4      | 2243 ||| DROPPING +0 whip.
  2349 | D:4      | Reached skill level 5 in Axes
  2399 | D:4      | 2399 ||| Stepping ~*~*~tactically~*~*~ (stealth).
  2401 | D:4      | 2401 ||| Stepping ~*~*~tactically~*~*~ (hiding).
  2609 | D:4      | 2609 ||| UPGRADING to +0 chain mail.
  2619 | D:4      | 2619 ||| DROPPING +3 scale mail of poison resistance.
  2620 | D:4      | 2620 ||| UPGRADING to +0 pair of gloves.
  2625 | D:4      | 2625 ||| READING scroll labelled XOODON FYSECRA.
  2726 | D:4      | 2726 ||| READING scroll labelled ACOINA NARAS.
  2752 | D:5      | Entered Level 5 of the Dungeon
  2752 | D:5      | Noticed an ice beast
  2765 | D:5      | 2765 ||| STAIRDANCE
  2774 | D:4      | Killed an ice beast
  2775 | D:4      | Reached XP level 6. HP: 37/40 MP: 6/6
  2807 | D:5      | 2807 ||| Stepping ~*~*~tactically~*~*~ (stealth).
  2808 | D:5      | 2808 ||| Stepping ~*~*~tactically~*~*~ (stealth).
  2849 | D:5      | 2849 ||| Stepping ~*~*~tactically~*~*~ (stealth).
  2926 | D:5      | 2926 ||| Stepping ~*~*~tactically~*~*~ (stealth).
  2939 | D:5      | You fall into a shaft and drop 2 floors!
  2964 | D:7      | 2964 ||| Stepping ~*~*~tactically~*~*~ (stealth).
  2997 | D:7      | Reached skill level 6 in Axes
  2997 | D:7      | Reached XP level 7. HP: 44/44 MP: 5/7
  3133 | D:7      | 3133 ||| READING scroll labelled UMAOPSAYGU.
  3134 | D:7      | 3134 ||| READING 9 scrolls of identify.
  3134 | D:7      | 3134 ||| IDENTIFYING black potion
  3142 | D:7      | 3142 ||| STAIRDANCE
  3184 | D:6      | Reached skill level 7 in Axes
  3234 | D:6      | Found a burning altar of Makhleb.
  3235 | D:6      | Found a bloodstained altar of Trog.
  3254 | D:6      | Found an iron altar of Okawaru.
  3255 | D:6      | 3255 ||| PLANNING OKAWARU WORSHIP
  3315 | D:6      | Became a worshipper of Warmaster Okawaru
  3315 | D:6      | 3315 ||| PLANNING D:1-11
  3316 | D:6      | 3316 ||| REMOVING amulet of guardian spirit.
  3321 | D:6      | 3321 ||| DROPPING amulet of guardian spirit.
  3375 | D:6      | Reached XP level 8. HP: 49/49 MP: 8/8
  3385 | D:6      | Reached * piety under Okawaru
  3517 | D:5      | 3517 ||| Stepping ~*~*~tactically~*~*~ (stealth).
  3519 | D:5      | 3519 ||| Stepping ~*~*~tactically~*~*~ (stealth).
  3520 | D:5      | 3520 ||| Stepping ~*~*~tactically~*~*~ (stealth).
  3525 | D:5      | Reached skill level 1 in Invocations
  3536 | D:5      | Reached skill level 8 in Axes
  3550 | D:5      | 3550 ||| INVOKING Heroism.
  3763 | D:5      | 3763 ||| READING scroll of enchant armour.
  3763 | D:5      | 3763 ||| ENCHANTING +0 pair of gloves.
  3992 | D:5      | Found a hazy altar of Hepliaklqana.
  4017 | D:5      | Noticed Edmund
  4018 | D:5      | 4018 ||| INVOKING Heroism.
  4028 | D:5      | Killed Edmund
  4051 | D:5      | 4051 ||| UPGRADING to +6 ring of dexterity.
  4053 | D:5      | 4053 ||| DROPPING ring of willpower.
  4054 | D:5      | 4054 ||| DRINKING 2 red potions.
  4055 | D:5      | 4055 ||| READING 9 scrolls of identify.
  4055 | D:5      | 4055 ||| IDENTIFYING golden potion
  4056 | D:5      | 4056 ||| READING 8 scrolls of identify.
  4056 | D:5      | 4056 ||| IDENTIFYING bubbling dark potion
  4057 | D:5      | 4057 ||| DROPPING potion of flight.
  4095 | D:6      | 4095 ||| INVOKING Heroism.
  4104 | D:6      | Reached skill level 3 in Invocations
  4122 | D:6      | 4122 ||| Stepping ~*~*~tactically~*~*~ (hiding).
  4126 | D:6      | 4126 ||| INVOKING Heroism.
  4206 | D:6      | 4206 ||| Stepping ~*~*~tactically~*~*~ (hiding).
  4207 | D:6      | 4207 ||| Stepping ~*~*~tactically~*~*~ (hiding).
  4343 | D:6      | Reached skill level 6 in Fighting
  4343 | D:6      | Reached XP level 9. HP: 52/56 MP: 12/12
  4357 | D:6      | Found a stormy altar of Qazlal.
  4512 | D:6      | Found a staircase to the Ecumenical Temple.
  4597 | D:6      | 4597 ||| UPGRADING to +0 pair of boots.
  4617 | D:7      | 4617 ||| INVOKING Heroism.
  4635 | D:7      | 4635 ||| DROPPING +0 flail.
  4713 | D:7      | Noticed a hornet
  4879 | D:7      | Killed a hornet
  4880 | D:7      | Reached skill level 9 in Axes
  5037 | D:7      | 5037 ||| INVOKING Heroism.
  5094 | D:7      | 5094 ||| READING scroll labelled UDOXESAUPSO.
  5095 | D:7      | 5095 ||| READING scroll labelled TOMOYKOIGAO.
  5125 | D:8      | 5125 ||| Stepping ~*~*~tactically~*~*~ (stealth).
  5135 | D:8      | 5135 ||| INVOKING Heroism.
  5243 | D:8      | 5243 ||| Stepping ~*~*~tactically~*~*~ (stealth).
  5246 | D:8      | 5246 ||| Stepping ~*~*~tactically~*~*~ (stealth).
  5251 | D:8      | 5251 ||| INVOKING Heroism.
  5259 | D:8      | 5259 ||| Stepping ~*~*~tactically~*~*~ (hiding).
  5310 | D:8      | Reached ** piety under Okawaru
  5311 | D:8      | Reached skill level 1 in Throwing
  5322 | D:8      | Found a hide-covered altar of Uskayaw.
  5365 | D:8      | 5365 ||| Stepping ~*~*~tactically~*~*~ (stealth).
  5371 | D:8      | Found a glowing golden altar of the Shining One.
  5447 | D:8      | Found an opulent altar of Gozag.
  5449 | D:8      | Found Gozag's Platinum Reserve.
  5459 | D:8      | 5459 ||| SHOPLISTING +0 ring mail of the Moon {rCorr Int+5}
                  | (2710 gold, have 512).
  5459 | D:8      | 5459 ||| SHOPLISTING amulet of Nemelex Xobeh's Scorn {Faith
                  | Str-5 Int+2 Dex+8} (5750 gold, have 512).
  5523 | D:8      | 5523 ||| DROPPING +2 flail of holy wrath.
  5674 | D:8      | 5674 ||| UPGRADING to amulet of regeneration.
  5679 | D:8      | 5679 ||| READING scroll labelled COQEGO GOBIMN.
  5680 | D:8      | 5680 ||| READING scroll labelled VEFYUN INECKI.
  5955 | D:9      | 5955 ||| Stepping ~*~*~tactically~*~*~ (stealth).
  6051 | D:9      | Reached XP level 10. HP: 60/63 MP: 13/13
  6055 | D:9      | Reached skill level 10 in Axes
  6131 | D:9      | Found a flagged portal.
  6158 | D:9      | Identified the +4 spear "Suthreuw" {vamp, *Rage Will+ Int+3
                  | Dex+2}
  6615 | D:9      | 6615 ||| READING scroll labelled LOHUET JOTT.
  6636 | D:10     | Entered Level 10 of the Dungeon
  6640 | D:10     | Identified the +1 robe of Lugonu's Benevolence {Str+3}
  6650 | D:10     | 6650 ||| Stepping ~*~*~tactically~*~*~ (hiding).
  6713 | D:10     | Killed an unseen horror
  6829 | D:10     | Found Lusuts's Armour Shop.
  6845 | D:10     | 6845 ||| BUYING +1 plate armour of cold resistance (525
                  | gold).
  6845 | D:10     | Bought a +1 plate armour of cold resistance for 525 gold
                  | pieces
  6845 | D:10     | 6845 ||| SHOPLISTING +2 helmet (247 gold, have 83).
  7106 | D:10     | 7106 ||| UPGRADING to +1 plate armour of cold resistance.
  7116 | D:10     | 7116 ||| DROPPING +0 chain mail.
  7117 | D:10     | 7117 ||| READING 3 scrolls labelled AWISKO JEWIQUAGU.
  7118 | D:10     | 7118 ||| READING 2 scrolls of enchant weapon.
  7118 | D:10     | 7118 ||| ENCHANTING +0 vampiric war axe.
  7119 | D:10     | 7119 ||| READING scroll of enchant weapon.
  7119 | D:10     | 7119 ||| ENCHANTING +1 vampiric war axe.
  7120 | D:10     | 7120 ||| DRINKING 2 smoky clear potions.
  7121 | D:10     | 7121 ||| READING 12 scrolls of identify.
  7121 | D:10     | 7121 ||| IDENTIFYING coppery potion
  7135 | D:11     | Noticed a cyclops
  7136 | D:11     | 7136 ||| INVOKING Heroism.
  7145 | D:11     | Killed a cyclops
  7146 | D:11     | Reached skill level 6 in Armour
  7180 | D:11     | Killed an unseen horror
  7180 | D:11     | Reached *** piety under Okawaru
  7190 | D:11     | 7190 ||| Stepping ~*~*~tactically~*~*~ (stealth).
  7192 | D:11     | 7192 ||| Stepping ~*~*~tactically~*~*~ (hiding).
  7208 | D:11     | 7208 ||| Stepping ~*~*~tactically~*~*~ (stealth).
  7209 | D:11     | 7209 ||| Stepping ~*~*~tactically~*~*~ (hiding).
  7281 | D:11     | 7281 ||| DROPPING +2 vampiric whip.
  7320 | D:11     | 7320 ||| INVOKING Heroism.
  7345 | D:11     | Found a staircase to the Orcish Mines.
  7354 | D:11     | Found a staircase to the Lair.
  7386 | D:11     | 7386 ||| INVOKING Heroism.
  7392 | D:11     | HP: 13/65 [acid dragon (7)]
  7393 | D:11     | 7393 ||| READING 4 scrolls of teleportation.
  7394 | D:11     | 7394 ||| DRINKING 2 potions of heal wounds.
  7540 | D:11     | Reached skill level 11 in Axes
  7549 | D:11     | 7549 ||| Stepping ~*~*~tactically~*~*~ (hiding).
  7552 | D:11     | 7552 ||| Stepping ~*~*~tactically~*~*~ (hiding).
  7553 | D:11     | 7553 ||| Stepping ~*~*~tactically~*~*~ (hiding).
  7554 | D:11     | 7554 ||| Stepping ~*~*~tactically~*~*~ (hiding).
  7744 | D:11     | 7744 ||| Stepping ~*~*~tactically~*~*~ (hiding).
  7746 | D:11     | 7746 ||| Stepping ~*~*~tactically~*~*~ (hiding).
  7758 | D:11     | 7758 ||| Stepping ~*~*~tactically~*~*~ (hiding).
  7777 | D:11     | Reached XP level 11. HP: 69/69 MP: 14/14
  7784 | D:11     | Reached **** piety under Okawaru
  7802 | D:11     | Found the sphere of Battle
  7854 | D:11     | 7854 ||| PLANNING LAIR
  7854 | D:11     | 7854 ||| UPGRADING to +0 kite shield.
  7864 | D:11     | 7864 ||| DROPPING +0 buckler.
  7865 | D:11     | 7865 ||| DROPPING ring of positive energy.
  7866 | D:11     | 7866 ||| READING scroll labelled XEENLA WAUDIL.
  7867 | D:11     | 7867 ||| READING 12 scrolls of identify.
  7867 | D:11     | 7867 ||| IDENTIFYING puce potion
  7868 | D:11     | 7868 ||| DROPPING potion of invisibility.
  7901 | Lair:1   | Entered Level 1 of the Lair of Beasts
  7949 | Lair:1   | 7949 ||| INVOKING Heroism.
  7991 | Lair:1   | 7991 ||| INVOKING Heroism.
  8005 | Lair:1   | Reached skill level 6 in Shields
  8046 | Lair:1   | 8046 ||| Stepping ~*~*~tactically~*~*~ (stealth).
  8080 | Lair:1   | 8080 ||| DROPPING +1 flail of holy wrath.
  8092 | Lair:1   | 8092 ||| Stepping ~*~*~tactically~*~*~ (stealth).
  8105 | Lair:1   | Identified the +8 broad axe of Kiluat {speed, Str+3 SInv}
  8107 | Lair:1   | 8107 ||| SWAPPING to +8 broad axe of Kiluat {speed, Str+3
                  | SInv}.
  8108 | Lair:1   | 8108 ||| DROPPING +2 vampiric war axe.
  8118 | Lair:1   | 8118 ||| Stepping ~*~*~tactically~*~*~ (stealth).
  8248 | Lair:1   | Noticed a boulder beetle
  8249 | Lair:1   | 8249 ||| INVOKING Heroism.
  8263 | Lair:1   | Killed a boulder beetle
  8266 | Lair:1   | 8266 ||| INVOKING Heroism.
  8310 | Lair:1   | 8310 ||| INVOKING Heroism.
  8329 | Lair:1   | Noticed Fannar
  8343 | Lair:1   | Reached skill level 6 in Invocations
  8348 | Lair:1   | Killed Fannar
  8348 | Lair:1   | Reached ***** piety under Okawaru
  8791 | Lair:2   | Noticed Amaemon
  8792 | Lair:2   | 8792 ||| Stepping ~*~*~tactically~*~*~ (hiding).
  8793 | Lair:2   | 8793 ||| Stepping ~*~*~tactically~*~*~ (stealth).
  8799 | Lair:2   | 8799 ||| INVOKING Heroism.
  8806 | Lair:2   | 8806 ||| Stepping ~*~*~tactically~*~*~ (hiding).
  8808 | Lair:2   | 8808 ||| Stepping ~*~*~tactically~*~*~ (hiding).
  8820 | Lair:2   | 8820 ||| INVOKING Heroism.
  8829 | Lair:2   | Killed Amaemon
  8839 | Lair:2   | 8839 ||| DROPPING +0 morningstar.
  8841 | Lair:2   | 8841 ||| Stepping ~*~*~tactically~*~*~ (stealth).
  8850 | Lair:2   | Reached skill level 9 in Shields
  8857 | Lair:2   | 8857 ||| Stepping ~*~*~tactically~*~*~ (stealth).
  8872 | Lair:2   | 8872 ||| INVOKING Heroism.
  8877 | Lair:2   | Reached XP level 12. HP: 74/75 MP: 14/17
  8894 | Lair:2   | 8894 ||| Stepping ~*~*~tactically~*~*~ (stealth).
  8895 | Lair:2   | 8895 ||| Stepping ~*~*~tactically~*~*~ (stealth).
  8918 | Lair:2   | Found a hole to the Spider Nest.
  8919 | Lair:2   | 8919 ||| FLEEEEING.
  8921 | Lair:2   | 8921 ||| FLEEEEING.
  8922 | Lair:2   | 8922 ||| FLEEEEING.
  8923 | Lair:2   | 8923 ||| FLEEEEING.
  8925 | Lair:2   | 8925 ||| FLEEEEING.
  8926 | Lair:2   | 8926 ||| FLEEEEING.
  8927 | Lair:2   | 8927 ||| FLEEEEING.
  8928 | Lair:2   | 8928 ||| FLEEEEING.
  8929 | Lair:2   | 8929 ||| FLEEEEING.
  8929 | Lair:2   | Noticed Nergalle
  8930 | Lair:2   | 8930 ||| INVOKING Heroism.
  8940 | Lair:2   | Killed Nergalle
  8946 | Lair:2   | Identified the +9 scale mail "Otzip" {rC+ Int+2} (Okawaru
                  | gifted it to you on level 2 of the Lair of Beasts)
  8946 | Lair:2   | Received a gift from Okawaru
  9408 | Lair:3   | 9408 ||| INVOKING Heroism.
  9431 | Lair:3   | Noticed a catoblepas
  9432 | Lair:3   | 9432 ||| Stepping ~*~*~tactically~*~*~ (stealth).
  9438 | Lair:3   | 9438 ||| Stepping ~*~*~tactically~*~*~ (hiding).
  9439 | Lair:3   | 9439 ||| INVOKING Finesse.
  9449 | Lair:3   | Killed a catoblepas
  9450 | Lair:3   | Noticed Snorg
  9459 | Lair:3   | 9459 ||| INVOKING Heroism.
  9463 | Lair:3   | Killed Snorg
  9464 | Lair:3   | Reached skill level 9 in Invocations
  9523 | Lair:3   | Noticed a skyshark
  9524 | Lair:3   | 9524 ||| Stepping ~*~*~tactically~*~*~ (stealth).
  9525 | Lair:3   | 9525 ||| Stepping ~*~*~tactically~*~*~ (stealth).
  9536 | Lair:3   | Killed a skyshark
  9537 | Lair:3   | Reached skill level 9 in Fighting
  9624 | Lair:3   | Found a staircase to the Shoals.
  9674 | Lair:3   | 9674 ||| Stepping ~*~*~tactically~*~*~ (stealth).
  9675 | Lair:3   | 9675 ||| Stepping ~*~*~tactically~*~*~ (stealth).
  9724 | Lair:3   | Found a runed translucent door.
  9726 | Lair:3   | Noticed qw's ghost (journeyman GrFi)
  9739 | Lair:3   | Identified the +1 trident of the Tundras {chaos, *Rage Fly
                  | rPois Dex+5}
  9740 | Lair:3   | Identified the ring of the Country {Ice Str+4}
  9926 | Lair:3   | 9926 ||| READING scroll of enchant armour.
  9926 | Lair:3   | 9926 ||| ENCHANTING +1 pair of gloves.
 10170 | Lair:3   | 10170 ||| READING 2 scrolls labelled WIZ DYRUAKHONU.
 10171 | Lair:3   | 10171 ||| DROPPING scroll of amnesia.
 10210 | Lair:4   | Found a frozen archway.
 10215 | Lair:4   | 10215 ||| INVOKING Heroism.
 10322 | Lair:4   | 10322 ||| INVOKING Heroism.
 10335 | Lair:4   | Reached skill level 12 in Axes
 10386 | Lair:4   | Found a viscous altar of Jiyva.
 10390 | Lair:4   | Found a staircase to the Slime Pits.
 10442 | Lair:4   | Reached skill level 9 in Armour
 10519 | Lair:4   | 10519 ||| INVOKING Heroism.
 10610 | Lair:4   | Reached skill level 3 in Dodging
 10684 | Lair:4   | Reached XP level 13. HP: 80/80 MP: 20/20
 10806 | Lair:4   | 10806 ||| DROPPING ring of magical power.
 10835 | Lair:5   | Entered Level 5 of the Lair of Beasts
 10836 | Lair:5   | 10836 ||| INVOKING Heroism.
 10907 | Lair:5   | 10907 ||| INVOKING Heroism.
 10968 | Lair:5   | 10968 ||| INVOKING Heroism.
 10981 | Lair:5   | Reached skill level 13 in Axes
 11022 | Lair:5   | 11022 ||| INVOKING Heroism.
 11023 | Lair:5   | 11023 ||| INVOKING Finesse.
 11034 | Lair:5   | Received a gift from Okawaru
 11080 | Lair:5   | 11080 ||| INVOKING Heroism.
 11081 | Lair:5   | 11081 ||| INVOKING Finesse.
 11083 | Lair:5   | 11083 ||| Stepping ~*~*~tactically~*~*~ (stealth).
 11086 | Lair:5   | 11086 ||| Stepping ~*~*~tactically~*~*~ (stealth).
 11097 | Lair:5   | 11097 ||| SWAPPING to -1 demon whip of venom.
 11101 | Lair:5   | 11101 ||| SWAPPING to +8 broad axe of Kiluat {speed, Str+3
                  | SInv}.
 11156 | Lair:5   | 11156 ||| READING scroll of enchant armour.
 11156 | Lair:5   | 11156 ||| ENCHANTING +0 helmet.
 11214 | Lair:5   | 11214 ||| INVOKING Heroism.
 11347 | Lair:5   | 11347 ||| INVOKING Heroism.
 11453 | Lair:5   | 11453 ||| Stepping ~*~*~tactically~*~*~ (stealth).
 11459 | Lair:5   | 11459 ||| INVOKING Heroism.
 11744 | Lair:5   | 11744 ||| Stepping ~*~*~tactically~*~*~ (stealth).
 11760 | Lair:5   | Reached skill level 14 in Axes
 11764 | Lair:5   | Gained mutation: Your large and strong wings let you fly.
                  | [Gargoyle growth]
 11764 | Lair:5   | Reached XP level 14. HP: 87/88 MP: 21/21
 11971 | Lair:5   | Identified the +11 sling "Unaostr Voveg" {speed, +Blink
                  | rF+}
 11991 | Lair:5   | 11991 ||| PLANNING D
 12151 | D:12     | 12151 ||| Stepping ~*~*~tactically~*~*~ (hiding).
 12193 | D:12     | 12193 ||| Stepping ~*~*~tactically~*~*~ (hiding).
 12527 | D:12     | Noticed Sonja
 12528 | D:12     | 12528 ||| Stepping ~*~*~tactically~*~*~ (hiding).
 12530 | D:12     | 12530 ||| Stepping ~*~*~tactically~*~*~ (hiding).
 12531 | D:12     | 12531 ||| Stepping ~*~*~tactically~*~*~ (hiding).
 12533 | D:12     | 12533 ||| INVOKING Finesse.
 12541 | D:12     | Killed Sonja
 12541 | D:12     | Received a gift from Okawaru
 12574 | D:12     | 12574 ||| Stepping ~*~*~tactically~*~*~ (hiding).
 12638 | D:12     | Noticed Urug
 12639 | D:12     | 12639 ||| INVOKING Heroism.
 12640 | D:12     | 12640 ||| INVOKING Finesse.
 12646 | D:12     | Killed Urug
 12702 | D:12     | 12702 ||| INVOKING Heroism.
 12736 | D:12     | Reached skill level 3 in Throwing
 12832 | D:12     | 12832 ||| Stepping ~*~*~tactically~*~*~ (hiding).
 12963 | D:12     | Found a shadowy altar of Dithmenos.
 12967 | D:12     | 12967 ||| UPGRADING to +2 cloak.
 12972 | D:12     | 12972 ||| INVOKING Heroism.
 13100 | D:12     | 13100 ||| INVOKING Heroism.
 13312 | D:13     | Noticed Nessos
 13312 | D:13     | Noticed Rupert
 13312 | D:13     | Found a gate to the Vaults.
 13313 | D:13     | 13313 ||| INVOKING Heroism.
 13332 | D:13     | Killed Rupert
 13333 | D:13     | Reached skill level 12 in Shields
 13354 | D:13     | Killed Nessos
 13459 | D:13     | 13459 ||| INVOKING Heroism.
 13512 | D:13     | 13512 ||| Stepping ~*~*~tactically~*~*~ (stealth).
 13589 | D:13     | 13589 ||| Stepping ~*~*~tactically~*~*~ (hiding).
 13734 | D:13     | 13734 ||| Stepping ~*~*~tactically~*~*~ (hiding).
 13871 | D:13     | Reached skill level 6 in Throwing
 14083 | D:13     | 14083 ||| READING 18 scrolls of identify.
 14083 | D:13     | 14083 ||| IDENTIFYING fuming pink potion
 14084 | D:13     | 14084 ||| DROPPING potion of berserk rage.
 14099 | D:14     | 14099 ||| READING scroll of enchant armour.
 14099 | D:14     | 14099 ||| ENCHANTING +1 helmet.
 14116 | D:14     | 14116 ||| FLEEEEING.
 14133 | D:14     | 14133 ||| INVOKING Heroism.
 14140 | D:14     | 14140 ||| Stepping ~*~*~tactically~*~*~ (hiding).
 14152 | D:14     | 14152 ||| Stepping ~*~*~tactically~*~*~ (hiding).
 14170 | D:14     | 14170 ||| INVOKING Finesse.
 14213 | D:14     | Received a gift from Okawaru
 14216 | D:14     | 14216 ||| INVOKING Heroism.
 14414 | D:14     | Found a runed translucent gate.
 14414 | D:14     | Found a runed translucent gate.
 14414 | D:14     | Found a runed translucent gate.
 14415 | D:14     | Noticed an acid blob
 14416 | D:14     | Noticed qw's ghost (journeyman GrFi)
 14417 | D:14     | Noticed a quicksilver ooze
 14544 | D:14     | 14544 ||| Stepping ~*~*~tactically~*~*~ (hiding).
 14547 | D:14     | 14547 ||| INVOKING Heroism.
 14583 | D:14     | 14583 ||| Stepping ~*~*~tactically~*~*~ (stealth).
 14584 | D:14     | 14584 ||| Stepping ~*~*~tactically~*~*~ (stealth).
 14585 | D:14     | 14585 ||| Stepping ~*~*~tactically~*~*~ (stealth).
 14592 | D:14     | 14592 ||| Stepping ~*~*~tactically~*~*~ (stealth).
 14599 | D:14     | Reached XP level 15. HP: 86/94 MP: 22/22
 14657 | D:14     | 14657 ||| Stepping ~*~*~tactically~*~*~ (hiding).
 14658 | D:14     | 14658 ||| Stepping ~*~*~tactically~*~*~ (hiding).
 14910 | D:14     | Found a viscous altar of Jiyva.
 14911 | D:14     | 14911 ||| DROPPING amulet of magic regeneration.
 14912 | D:14     | 14912 ||| UPGRADING to ring of protection from fire.
 14923 | D:15     | Entered Level 15 of the Dungeon
 14924 | D:15     | 14924 ||| PLANNING GAUNTLET
 14924 | D:15     | 14924 ||| INVOKING Heroism.
 14931 | D:15     | Reached skill level 15 in Axes
 14991 | D:15     | 14991 ||| Stepping ~*~*~tactically~*~*~ (hiding).
 14992 | D:15     | 14992 ||| Stepping ~*~*~tactically~*~*~ (hiding).
 14994 | D:15     | 14994 ||| Stepping ~*~*~tactically~*~*~ (hiding).
 14995 | D:15     | 14995 ||| Stepping ~*~*~tactically~*~*~ (hiding).
 15029 | D:15     | 15029 ||| Stepping ~*~*~tactically~*~*~ (stealth).
 15030 | D:15     | 15030 ||| Stepping ~*~*~tactically~*~*~ (stealth).
 15041 | D:15     | Received a gift from Okawaru
 15046 | D:15     | Reached skill level 12 in Fighting
 15072 | D:15     | 15072 ||| READING 3 scrolls of enchant armour.
 15072 | D:15     | 15072 ||| ENCHANTING +0 pair of boots.
 15073 | D:15     | 15073 ||| READING 2 scrolls of enchant armour.
 15073 | D:15     | 15073 ||| ENCHANTING +1 pair of boots.
 15074 | D:15     | 15074 ||| READING scroll of enchant armour.
 15074 | D:15     | 15074 ||| ENCHANTING +1 plate armour of cold resistance.
 15133 | D:15     | Identified the +8 ice dragon scales of Minor Irritation
                  | {rPois rF- rC++ Dex+2} (Okawaru gifted it to you on level
                  | 15 of the Dungeon)
 15133 | D:15     | Received a gift from Okawaru
 15140 | D:15     | Found a gate leading to a gauntlet.
 15141 | D:15     | 15141 ||| UPGRADING to +8 ice dragon scales of Minor
                  | Irritation {rPois rF- rC++ Dex+2}.
 15160 | D:15     | 15160 ||| INVOKING Finesse.
 15196 | Gauntlet | Entered a Gauntlet
 15196 | Gauntlet | Found a transporter.
 15212 | Gauntlet | Found a transporter.
 15214 | Gauntlet | Found a transporter.
 15225 | Gauntlet | Found a transporter.
 15228 | Gauntlet | Found a transporter.
 15236 | Gauntlet | Found a transporter.
 15259 | Gauntlet | Found a transporter.
 15269 | Gauntlet | Found a transporter.
 15280 | Gauntlet | Found a transporter.
 15299 | Gauntlet | Found a transporter.
 15312 | Gauntlet | Found a runed translucent gate.
 15313 | Gauntlet | Found a transporter.
 15313 | Gauntlet | Found a runed translucent gate.
 15313 | Gauntlet | Found a transporter.
 15315 | Gauntlet | Found a runed translucent gate.
 15362 | Gauntlet | Found a transporter.
 15381 | Gauntlet | Found a transporter.
 15540 | Gauntlet | 15540 ||| READING 17 scrolls of identify.
 15540 | Gauntlet | 15540 ||| IDENTIFYING fizzy white potion
 15550 | Gauntlet | 15550 ||| INVOKING Heroism.
 15585 | Gauntlet | 15585 ||| Stepping ~*~*~tactically~*~*~ (hiding).
 15599 | Gauntlet | Identified the +0 ring mail of a Billion Beasts {rElec
                  | Will++}
 15599 | Gauntlet | Identified the +5 flail of the Tundras {freeze, rElec
                  | Stlth+}
 15634 | Gauntlet | 15634 ||| READING scroll labelled OZUNOI ETSARCH.
 15663 | D:15     | 15663 ||| PLANNING D
 16057 | D:15     | 16057 ||| Stepping ~*~*~tactically~*~*~ (hiding).
 16061 | D:15     | 16061 ||| INVOKING Heroism.
 16084 | D:15     | Reached skill level 16 in Axes
 16106 | D:15     | Found a staircase to the Depths.
 16187 | D:15     | 16187 ||| INVOKING Heroism.
 16328 | D:15     | 16328 ||| INVOKING Heroism.
 16427 | D:15     | 16427 ||| Stepping ~*~*~tactically~*~*~ (hiding).
 16553 | D:15     | 16553 ||| PLANNING ORC
 16650 | Orc:1    | Entered Level 1 of the Orcish Mines
 16699 | Orc:1    | 16699 ||| Stepping ~*~*~tactically~*~*~ (stealth).
 16702 | Orc:1    | 16702 ||| INVOKING Heroism.
 16718 | Orc:1    | 16718 ||| Stepping ~*~*~tactically~*~*~ (hiding).
 16866 | Orc:1    | 16866 ||| Stepping ~*~*~tactically~*~*~ (hiding).
 16868 | Orc:1    | 16868 ||| Stepping ~*~*~tactically~*~*~ (hiding).
 17014 | Orc:1    | 17014 ||| Stepping ~*~*~tactically~*~*~ (stealth).
 17021 | Orc:1    | 17021 ||| Stepping ~*~*~tactically~*~*~ (stealth).
 17035 | Orc:1    | 17035 ||| INVOKING Heroism.
 17273 | Orc:2    | Entered Level 2 of the Orcish Mines
 17363 | Orc:2    | 17363 ||| INVOKING Heroism.
 17430 | Orc:2    | 17430 ||| INVOKING Heroism.
 17444 | Orc:2    | Found Vutimp's Antique Weapon Boutique.
 17444 | Orc:2    | Found Unovuwk's General Store.
 17444 | Orc:2    | HP: 23/96 [orc priest/divine providence (12)]
 17445 | Orc:2    | 17445 ||| READING 6 scrolls of teleportation.
 17457 | Orc:2    | 17457 ||| FLEEEEING.
 17458 | Orc:2    | 17458 ||| FLEEEEING.
 17459 | Orc:2    | 17459 ||| FLEEEEING.
 17460 | Orc:2    | 17460 ||| FLEEEEING.
 17461 | Orc:2    | 17461 ||| STAIRDANCE
 17539 | Orc:2    | 17539 ||| Stepping ~*~*~tactically~*~*~ (stealth).
 17541 | Orc:2    | 17541 ||| Stepping ~*~*~tactically~*~*~ (stealth).
 17548 | Orc:2    | 17548 ||| Stepping ~*~*~tactically~*~*~ (stealth).
 17550 | Orc:2    | 17550 ||| Stepping ~*~*~tactically~*~*~ (stealth).
 17553 | Orc:2    | 17553 ||| Stepping ~*~*~tactically~*~*~ (hiding).
 17576 | Orc:2    | Found Madyag's Antique Weapon Shop.
 17583 | Orc:2    | Found Ronac's Weapon Shop.
 17587 | Orc:2    | 17587 ||| BUYING scroll of enchant weapon (97 gold).
 17587 | Orc:2    | Bought a scroll of enchant weapon for 97 gold pieces
 17600 | Orc:2    | 17600 ||| Stepping ~*~*~tactically~*~*~ (stealth).
 17601 | Orc:2    | 17601 ||| Stepping ~*~*~tactically~*~*~ (stealth).
 17625 | Orc:2    | Found a staircase to the Elven Halls.
 17659 | Orc:2    | Found Riumiaso's Armour Emporium.
 17668 | Orc:2    | 17668 ||| BUYING +3 chain mail of fire resistance (450
                  | gold).
 17668 | Orc:2    | Bought a +3 chain mail of fire resistance for 450 gold
                  | pieces
 17668 | Orc:2    | 17668 ||| BUYING +6 chain mail "Juvey" {rC- rCorr Dex+8}
                  | (967 gold).
 17668 | Orc:2    | Bought the +6 chain mail "Juvey" {rC- rCorr Dex+8} for 967
                  | gold pieces
 17950 | Orc:2    | 17950 ||| PLANNING SHOALS:1-3
 17950 | Orc:2    | 17950 ||| DROPPING +0 acid dragon scales.
 18104 | Shoals:1 | Entered Level 1 of the Shoals
 18193 | Shoals:1 | 18193 ||| Stepping ~*~*~tactically~*~*~ (hiding).
 18215 | Shoals:1 | Reached XP level 16. HP: 101/101 MP: 23/23
 18240 | Shoals:1 | 18240 ||| Stepping ~*~*~tactically~*~*~ (hiding).
 18255 | Shoals:1 | Received a gift from Okawaru
 18308 | Shoals:1 | 18308 ||| INVOKING Heroism.
 18335 | Shoals:1 | 18335 ||| Stepping ~*~*~tactically~*~*~ (hiding).
 18360 | Shoals:1 | 18360 ||| INVOKING Heroism.
 18381 | Shoals:1 | Reached skill level 17 in Axes
 18665 | Shoals:1 | 18665 ||| Stepping ~*~*~tactically~*~*~ (cloud).
 18698 | Shoals:1 | Received a gift from Okawaru
 18744 | Shoals:1 | 18744 ||| Stepping ~*~*~tactically~*~*~ (hiding).
 18745 | Shoals:1 | 18745 ||| Stepping ~*~*~tactically~*~*~ (hiding).
 18802 | Shoals:1 | 18802 ||| Stepping ~*~*~tactically~*~*~ (hiding).
 18837 | Shoals:1 | Received a gift from Okawaru
 18837 | Shoals:1 | Found the +16 obsidian axe {drain, demonic, Mesm Drain Fly
                  | SInv}
 18901 | Shoals:1 | 18901 ||| INVOKING Heroism.
 18915 | Shoals:1 | 18915 ||| INVOKING Heroism.
 19176 | Shoals:1 | 19176 ||| READING 19 scrolls of identify.
 19176 | Shoals:1 | 19176 ||| IDENTIFYING murky golden potion
 19177 | Shoals:1 | 19177 ||| DROPPING potion of degeneration.
 19230 | Shoals:2 | 19230 ||| INVOKING Heroism.
 19304 | Shoals:2 | 19304 ||| FLEEEEING.
 19305 | Shoals:2 | 19305 ||| FLEEEEING.
 19305 | Shoals:2 | Noticed Polyphemus
 19306 | Shoals:2 | 19306 ||| FLEEEEING.
 19307 | Shoals:2 | 19307 ||| FLEEEEING.
 19308 | Shoals:2 | 19308 ||| FLEEEEING.
 19309 | Shoals:2 | 19309 ||| FLEEEEING.
 19310 | Shoals:2 | 19310 ||| INVOKING Heroism.
 19323 | Shoals:2 | Received a gift from Okawaru
 19343 | Shoals:2 | Killed Polyphemus
 19345 | Shoals:2 | HP: 20/104 [wind drake/the air (18)]
 19346 | Shoals:2 | 19346 ||| READING 5 scrolls of teleportation.
 19347 | Shoals:2 | 19347 ||| DRINKING 11 potions of heal wounds.
 19358 | Shoals:2 | 19358 ||| INVOKING Heroism.
 19385 | Shoals:2 | Reached skill level 18 in Axes
 19387 | Shoals:2 | 19387 ||| INVOKING Finesse.
 19394 | Shoals:2 | HP: 20/104 [faun/sling bullet[a satyr] (15)]
 19395 | Shoals:2 | 19395 ||| READING 4 scrolls of teleportation.
 19396 | Shoals:2 | 19396 ||| DRINKING 10 potions of heal wounds.
 20072 | Shoals:3 | 20072 ||| INVOKING Heroism.
 20273 | Shoals:3 | 20273 ||| INVOKING Heroism.
 20274 | Shoals:3 | 20274 ||| INVOKING Finesse.
 20298 | Shoals:3 | Reached skill level 12 in Armour
 20413 | Shoals:3 | 20413 ||| INVOKING Heroism.
 20451 | Shoals:3 | 20451 ||| Stepping ~*~*~tactically~*~*~ (hiding).
 20452 | Shoals:3 | 20452 ||| Stepping ~*~*~tactically~*~*~ (hiding).
 20459 | Shoals:3 | Reached XP level 17. HP: 105/108 MP: 24/24
 20497 | Shoals:3 | Received a gift from Okawaru
 20547 | Shoals:3 | 20547 ||| Stepping ~*~*~tactically~*~*~ (hiding).
 20840 | Shoals:3 | 20840 ||| INVOKING Heroism.
 20923 | Shoals:3 | 20923 ||| PLANNING SPIDER:1-3
 21077 | Spider:1 | Entered Level 1 of the Spider Nest
 21113 | Spider:1 | Received a gift from Okawaru
 21182 | Spider:1 | 21182 ||| Stepping ~*~*~tactically~*~*~ (stealth).
 21184 | Spider:1 | 21184 ||| Stepping ~*~*~tactically~*~*~ (hiding).
 21282 | Spider:1 | 21282 ||| INVOKING Heroism.
 21342 | Spider:1 | Received a gift from Okawaru
 21495 | Spider:1 | 21495 ||| Stepping ~*~*~tactically~*~*~ (stealth).
 21497 | Spider:1 | 21497 ||| Stepping ~*~*~tactically~*~*~ (stealth).
 21501 | Spider:1 | 21501 ||| Stepping ~*~*~tactically~*~*~ (stealth).
 21585 | Spider:1 | 21585 ||| Stepping ~*~*~tactically~*~*~ (stealth).
 22047 | Spider:2 | 22047 ||| INVOKING Heroism.
 22200 | Spider:2 | Received a gift from Okawaru
 22228 | Spider:2 | Identified the +1 robe of the Evening Star {Harm rC+}
 22354 | Spider:2 | 22354 ||| INVOKING Finesse.
 22578 | Spider:2 | 22578 ||| Stepping ~*~*~tactically~*~*~ (stealth).
 22583 | Spider:2 | 22583 ||| DRINKING 10 potions of curing.
 22583 | Spider:2 | 22583 ||| (to cure confusion)
 22965 | Spider:3 | 22965 ||| INVOKING Finesse.
 22967 | Spider:3 | 22967 ||| Stepping ~*~*~tactically~*~*~ (stealth).
 22975 | Spider:3 | 22975 ||| INVOKING Heroism.
 22982 | Spider:3 | Received a gift from Okawaru
 23002 | Spider:3 | Reached skill level 15 in Fighting
 23133 | Spider:3 | 23133 ||| INVOKING Finesse.
 23185 | Spider:3 | 23185 ||| INVOKING Heroism.
 23193 | Spider:3 | 23193 ||| INVOKING Finesse.
 23224 | Spider:3 | HP: 7/113 [disintegration (53)]
 23225 | Spider:3 | 23225 ||| READING 5 scrolls of teleportation.
 23225 | Spider:3 | Mangled by a broodmother

Levels and vault maps discovered:
D:1:      wander_arrival_peaceful_grave, layout_basic
D:2:      layout_rooms, dreamdust_ecumenical_altar_grove
D:3:      layout_basic, serial_shops, shop, gammafunk_ghost_gnarly_gnolls,
          hangedman_abyss_or_decor_stabs
D:4:      layout_loops_ring, chequers_temple_overflow_statue_of_worship
D:5:      layout_loops_ring, worldfamousw_hep_ancestral_shrine, minivault_27,
          minmay_fractal_squares_5, uniq_edmund
D:6:      layout_basic, nicolae_qazlal_beasts_of_the_sky,
          mainiacjoe_overflow_catwalk_spiral, overflow_temple_1_default,
          minmay_temple_entry_glassed_door
D:7:      layout_rooms, kennysheep_opposing_triangles
D:8:      layout_basic, mainiacjoe_overflow_concentric_impassable,
          nicolae_gozag_zags_fifth_avenue, nicolae_tso_besieged_by_evil,
          kennysheep_small_spiral
D:9:      layout_layer_cave, enter_bailey_2
D:10:     layout_cave_pools, serial_shops, shop, mrwooster_statue_mirror
D:11:     layout_cave_pools, lair_entry_dummy, david_orc_3,
          hellmonk_guarded_unrand_sphere_of_battle
D:12:     layout_grid_maze, nicolae_dithmenos_through_a_glass_darkly,
          uniq_sonja, uniq_urug
D:13:     layout_loops_ring, david_vaults_3
D:14:     layout_loops_ring, gammafunk_ghost_ooze, chequers_serial_rivers_marsh,
          minmay_checkerbox, uniq_nessos
D:15:     grunt_enter_depths_hoard, layout_long_grid, gauntlet_entry_generic
Lair:1:   layout_loops_ring, uniq_fannar
Lair:2:   wander_river, layout_loops_ring, nicolae_spider_entry_non_spiders,
          uniq_amaemon, uniq_nergalle
Lair:3:   layout_concentric_octagons, nicolae_shoals_entry_roost,
          ebering_ghost_funeral_grove, chequers_serial_rivers_marsh, uniq_snorg
Lair:4:   layout_long_grid, dpeg_slime_entry_corner,
          portal_ice_cave_entry_animals_and_master, grunt_megastairs_1,
          serial_bayou_shore_a
Lair:5:   minmay_lair_end_frog_pond, layout_small_grid, worms_lemuel
Shoals:1: cheibrodos_shoals_three_sisters, layout_shoals,
          hangedman_shoals_cup_caves
Shoals:2: layout_shoals, uniq_polyphemus
Shoals:3: layout_shoals
Spider:1: layout_cave_pods, guppyfry_spider_mini_1
Spider:2: layout_spider_delve
Spider:3: layout_spider_delve, ebering_ghost_disaster_area, nicolae_orb_island
Orc:1:    cheibrodos_orc_guarddog, layout_caves, basic_altar,
          minmay_orc_temple_a
Orc:2:    st_orc_mages, layout_caves, serial_shops, shop

Skill      XL: |  1  2  3  4  5  6  7  8  9 10 11 12 13 14 15 16 17 |
---------------+----------------------------------------------------+-----
Axes           | 2 3 4 5 6 7 8 9 11 12 14 16 18 | 18.0
Fighting       | 4 5 6 7 8 9 10 11 12 13 15 | 15.0
Dodging        | 2 3 4 |  4.1
Invocations    | 4 7 10 | 10.0
Armour         | 4 5 7 8 9 10 11 12 | 12.9
Shields        | 4 5 9 10 11 12 13 14 | 14.0
Throwing       | 1 2 6 7 8 |  8.0

Action                     |  1- 3 |  4- 6 |  7- 9 | 10-12 | 13-15 | 16-18 || total
---------------------------+-------+-------+-------+-------+-------+-------++-------
  Melee: War axe           |   125 |   184 |   281 |   254 |       |       ||   844
         Broad axe         |       |       |       |   304 |  1030 |   728 ||  2062
         Demon whip        |       |       |       |       |     3 |       ||     3
  Throw: Boomerang         |       |       |    32 |    68 |    50 |       ||   150
         Javelin           |       |       |       |       |    70 |    75 ||   145
 Invoke: Heroism           |       |       |     8 |    17 |    26 |    15 ||    66
         Finesse           |       |       |       |     1 |     6 |     6 ||    13
    Use: Scroll            |     3 |     6 |     9 |    10 |     9 |     4 ||    41
         Potion            |     1 |     2 |     1 |     2 |       |     3 ||     9
   Stab: Distracted        |       |       |       |     1 |     2 |       ||     3
 Armour: Scale mail        |    58 |    45 |       |       |       |       ||   103
         Chain mail        |       |    18 |   148 |    51 |       |       ||   217
         Plate armour      |       |       |       |   150 |   207 |       ||   357
         Ice dragon scales |       |       |       |       |    75 |   288 ||   363
  Dodge: Dodged            |    79 |   126 |   232 |   188 |   344 |   259 ||  1228
  Block: Buckler           |    23 |    32 |    91 |    41 |       |       ||   187
         Kite shield       |       |       |       |   119 |   393 |   313 ||   825

Table legend:
 A = Non-vault XP
 B = Vault XP
 C = Vault XP percentage of total XP
 D = Non-vault monster count
 E = Vault monster count
 F = Vault count percentage of total count
                 A         B        C        D         E       F
            +---------+---------+-------+---------+---------+-------
      Total |  157434 |   69193 |  30.5 |     640 |     224 |  25.9
            +---------+---------+-------+---------+---------+-------
        D:1 |      19 |       0 |   0.0 |      13 |       0 |   0.0
        D:2 |      77 |       0 |   0.0 |      24 |       0 |   0.0
        D:3 |      60 |       0 |   0.0 |      17 |       0 |   0.0
        D:4 |     251 |       0 |   0.0 |      19 |       0 |   0.0
        D:5 |     282 |     283 |  50.1 |      12 |       6 |  33.3
        D:6 |    1050 |     127 |  10.8 |      27 |       1 |   3.6
        D:7 |     711 |     457 |  39.1 |      28 |       4 |  12.5
        D:8 |     721 |      50 |   6.5 |      15 |       9 |  37.5
        D:9 |    1004 |       0 |   0.0 |       8 |       0 |   0.0
       D:10 |     842 |       0 |   0.0 |       6 |       0 |   0.0
       D:11 |    2967 |     961 |  24.5 |      25 |       8 |  24.2
       D:12 |    7102 |    1578 |  18.2 |      30 |       2 |   6.2
       D:13 |    7508 |    7288 |  49.3 |      18 |      20 |  52.6
       D:14 |    8167 |    2109 |  20.5 |      20 |       4 |  16.7
       D:15 |   18590 |    1741 |   8.6 |      43 |       2 |   4.4
     Lair:1 |    4484 |     868 |  16.2 |      20 |       1 |   4.8
     Lair:2 |    3148 |    2510 |  44.4 |      16 |      11 |  40.7
     Lair:3 |    3261 |    2255 |  40.9 |       8 |       3 |  27.3
     Lair:4 |    3372 |    2406 |  41.6 |      13 |       9 |  40.9
     Lair:5 |   11091 |   12375 |  52.7 |      42 |      43 |  50.6
   Shoals:1 |   14794 |   14954 |  50.3 |      26 |      23 |  46.9
   Shoals:2 |   14262 |    4024 |  22.0 |      29 |       4 |  12.1
   Shoals:3 |   15356 |       0 |   0.0 |      32 |       0 |   0.0
   Spider:1 |    9915 |    1661 |  14.3 |      29 |       8 |  21.6
   Spider:2 |   11773 |       0 |   0.0 |      31 |       0 |   0.0
   Spider:3 |   10877 |    3494 |  24.3 |      28 |       5 |  15.2
      Orc:1 |    3978 |     982 |  19.8 |      29 |      12 |  29.3
      Orc:2 |    1772 |    5478 |  75.6 |      32 |      39 |  54.9
   Gauntlet |       0 |    3592 | 100.0 |       0 |      10 | 100.0
            +---------+---------+-------+---------+---------+-------
